 Dungeon Crawl Stone Soup version 0.21.0-3-g78d12a8 (webtiles) character file.

753 rb the Basher (level 7, 0/61 HPs)
             Began as a Gargoyle Monk on Jan 18, 2018.
             Was a Believer of the Shining One.
             Slain by an ogre
             ... wielding a +0 giant spiked club
              (10 damage)
             ... on level 5 of the Dungeon.
             The game lasted 00:15:32 (4050 turns).

rb the Basher (Gargoyle Monk)                       Turns: 4050, Time: 00:15:32

Health: 0/61       AC: 23    Str: 15    XL:     7   Next: 79%
Magic:  4/7        EV:  2    Int: 11    God:    the Shining One [**....]
Gold:   275        SH:  6    Dex: 13    Spells: 6/6 levels left

rFire    . . .     SeeInvis .   a - +1 mace
rCold    . . .     Gourm    .   (no shield)
rNeg     + + +     Faith    .   (armour currently unavailable)
rPois    ∞         Spirit   .   (helmet currently unavailable)
rElec    .         Reflect  .   (cloak currently unavailable)
rCorr    .         Harm     .   (gloves currently unavailable)
MR       .....     NoTele   +   (boots currently unavailable)
Stlth    +.........             (no amulet)
HPRegen  0.20/turn              p - ring of positive energy
MPRegen  0.10/turn              (no ring)

@: divine shield, tree-form, glowing
A: negative energy resistance 1, petrification resistance, rot immunity, AC +4
a: Divine Shield, Renounce Religion


You were on level 5 of the Dungeon.
You worshipped the Shining One.
The Shining One was pleased with you.
You were not hungry.
You were a tree.
You visited 1 branch of the dungeon, and saw 5 of its levels.

You collected 275 gold pieces.

Inventory:

Hand Weapons
 a - a +1 mace (weapon)
Missiles
 b - 5 tomahawks of returning
 g - 106 stones
 r - 8 tomahawks (quivered)
Armour
 e - a +0 scale mail (melded)
 l - a +2 hat (melded)
Jewellery
 p - a ring of positive energy (left branch)
Wands
 n - a wand of digging (15)
Scrolls
 f - 4 scrolls of remove curse
 t - a scroll of enchant armour
Potions
 d - a potion of lignification
 h - a potion of flight {unknown}
 i - 4 potions of haste {unknown}
 k - a potion of ambrosia {unknown}
 m - a potion of magic {unknown}
Comestibles
 c - 7 rations
 o - 10 chunks of flesh


   Skills:
 - Level 3.4 Fighting
 + Level 8.8 Maces & Flails
 - Level 2.5 Dodging
 - Level 2.4 Stealth


You had 6 spell levels left.
You didn't know any spells.

Dungeon Overview and Level Annotations

Branches:
Dungeon (5/15)
 Temple: D:4-7

Altars:
Elyvilon
Fedhas
Makhleb
Okawaru
Ru
Trog
Uskayaw
Vehumet
Xom
Zin
The Shining One

Shops:
D:5 %


Innate Abilities, Weirdness & Mutations

You are resistant to torment.
((Your stone body is resilient. (AC +4)))
You are immune to poison.
You resist negative energy. (rN+)
((You are resistant to electric shocks. (rElec)))
((You can survive without breathing.))
You are immune to petrification.
You are immune to rotting.


Message History

o - 10 chunks of flesh (gained 2)
An ogre comes into view. It is wielding a giant spiked club.
The ogre shouts!
Found a ration.
A scorpion comes into view.
Found 2 potions of curing.
You see here a scroll of enchant weapon.
The ogre hits you with a giant spiked club.
You hit the ogre but do no damage.
The ogre hits you with a giant spiked club!!
Ouch! That really hurt!
You hit the ogre but do no damage. A divine shield forms around you!
You feel slightly more hungry.
The ogre hits you with a giant spiked club!
* * * LOW HITPOINT WARNING * * *
You turn into a tree.
Your +2 hat melds into your body.
Your +0 scale mail melds into your body.
Your roots penetrate the ground.
The ogre hits you with a giant spiked club!
You die...

..## #........%! #..#
#.......... #..#
#.......... #..#
#.......... #..#
#..........
#..#######..O.......
#.....##...#?...s...
#.###.......#####.##
####.######.##sO♣....#
............#######..#
....######### .#
##....# .. /#.##...#
.. ...####..# .#
##...# ... # #.#.## ##
#..#..#######


You could see an ogre and a scorpion.

Vanquished Creatures
  Prince Ribbit (D:5)
  The ghost of apoch the Slasher, an amateur FoFi (D:4)
  2 ogres (D:4)
  A jelly (D:5)
  A centaur skeleton (D:4)
  2 worker ants
  4 adders
  2 shadow imps
  An adder skeleton (D:4)
  3 worms
  2 dart slugs
  A leopard gecko (D:4)
  20 orcs
  3 giant cockroaches
  12 goblins
  5 hobgoblins
  3 jackals (D:3)
  3 bats
  A frilled lizard (D:2)
  9 kobolds
  4 rats
81 creatures vanquished.

Notes
Turn   | Place    | Note
-------+----------+-------------------------------------------
     0 | D:1      | rb the Gargoyle Monk began the quest for the Orb.
     0 | D:1      | Reached XP level 1. HP: 14/14 MP: 1/1
    49 | D:1      | Reached XP level 2. HP: 19/19 MP: 2/2
   446 | D:1      | Reached XP level 3. HP: 23/23 MP: 3/3
   627 | D:2      | Found a burning altar of Makhleb.
   627 | D:2      | Found a shimmering altar of Xom.
   627 | D:2      | Found a radiant altar of Vehumet.
   647 | D:2      | Found a glowing silver altar of Zin.
   652 | D:2      | Found a sacrificial altar of Ru.
   652 | D:2      | Found a blossoming altar of Fedhas.
   652 | D:2      | Found a hide-covered altar of Uskayaw.
   653 | D:2      | Found an iron altar of Okawaru.
   656 | D:2      | Found a glowing golden altar of the Shining One.
   674 | D:2      | Found a bloodstained altar of Trog.
   687 | D:2      | Became a worshipper of the Shining One
   687 | D:2      | Reached * piety under the Shining One
   687 | D:2      | Reached ** piety under the Shining One
   830 | D:2      | Found a white marble altar of Elyvilon.
  1168 | D:2      | Reached skill level 4 in Maces & Flails
  1672 | D:2      | Reached XP level 4. HP: 28/28 MP: 4/4
  1883 | D:3      | Found a faded altar of an unknown god.
  2278 | D:4      | Reached skill level 5 in Maces & Flails
  2304 | D:4      | Noticed an ogre
  2322 | D:3      | Reached XP level 5. HP: 10/32 MP: 5/5
  2676 | D:4      | Noticed apoch's ghost (amateur FoFi)
  2705 | D:4      | Killed apoch's ghost
  2705 | D:4      | Reached skill level 6 in Maces & Flails
  2705 | D:4      | Reached XP level 6. HP: 6/37 MP: 3/6
  3272 | D:4      | The Shining One protects you from harm!
  3274 | D:4      | Reached skill level 7 in Maces & Flails
  3278 | D:4      | Reached XP level 7. HP: 15/41 MP: 3/7
  3784 | D:4      | Got a brightly glowing robe
  3785 | D:4      | Identified the +1 robe "Guhu" {rF+} (You found it on level 4 of the Dungeon)
  3870 | D:5      | Entered Level 5 of the Dungeon
  3872 | D:5      | Found Seopn's Food Shop.
  3905 | D:5      | Found a white marble altar of Elyvilon.
  3967 | D:5      | Noticed Prince Ribbit
  4016 | D:5      | Reached skill level 8 in Maces & Flails
  4026 | D:5      | Killed Prince Ribbit
  4050 | D:5      | Slain by an ogre

Skill      XL: |  1  2  3  4  5  6  7 |
---------------+----------------------+-----
Maces & Flails | 4 5 6 7 8 |  8.8
Fighting       | |  3.4
Dodging        | |  2.5
Stealth        | |  2.4

Action                   |  1- 3 |  4- 6 |  7- 9 || total
-------------------------+-------+-------+-------++-------
Melee: Mace              |    94 |   123 |    75 ||   292
Invok: Divine Shield     |       |     2 |     2 ||     4
  Use: Scroll            |     3 |     6 |     2 ||    11
       Potion            |       |     4 |     1 ||     5
  Eat: Chunk             |     2 |     3 |     2 ||     7
       Ration            |       |     1 |       ||     1
Armor: Robe              |     5 |       |       ||     5
       Scale mail        |    30 |    66 |    31 ||   127
Dodge: Dodged            |    64 |    66 |    41 ||   171
Block: Other             |       |     2 |    13 ||    15
